 Dungeon Crawl Stone Soup version 0.31-a0-981-geadf994542 (webtiles) character file.

Game seed: 13749646444774546479

22 Frost42 the Trooper (level 2, -1/25 HPs)
             Began as a Barachi Fighter on Oct 31, 2023.
             Killed by an exploding jackal (11 damage)
             ... ignited by their inner flame
             ... on level 1 of the Dungeon.
             The game lasted 00:05:40 (554 turns).

Frost42 the Trooper (Barachi Fighter)                Turns: 554, Time: 00:05:41

Health: -1/25      AC:  9    Str: 17    XL:     2   Next: 91%
Magic:  2/2        EV:  7    Int:  8    God:
Gold:   25         SH:  4    Dex: 11    Spells: 1/1 levels left

rFire   . . .        e - +0 dagger (vamp)
rCold   + . .        c - +0 buckler
rNeg    . . .        f - +0 chain mail
rPois   .            (no helmet)
rElec   .            (no cloak)
rCorr   .            (no gloves)
SInv    .            (no boots)
Will    .....        (no amulet) Stlth
                     j - ring of protection from cold
HPRegen 0.24/turn    (no ring)
MPRegen 0.08/turn

%: no passive effects
@: slow
A: amphibious, slowness 1, strong legs 1, +LOS
a: Hop


You were on level 1 of the Dungeon.
You visited 1 branch of the dungeon, and saw 1 of its levels.

You collected 25 gold pieces.

Inventory:

Hand Weapons
 a - a +0 sling
 e - a +0 vampiric dagger (weapon)
Missiles
 h - 4 boomerangs (quivered)
 k - 5 stones
Armour
 c - a +0 buckler (worn)
 f - a +0 chain mail (worn)
Jewellery
 j - a ring of protection from cold (left hand)
Potions
 d - a potion of might


   Skills:
 * Level 4.1 Fighting
 + Level 0.3(1.4) Short Blades
 - Level 2.5(2.6) Long Blades
 * Level 4.0 Armour
 + Level 3.5 Shields


You had one spell level left.
You didn't know any spells.
Your spell library contained the following spells:

 Spells                   Type           Power      Damage    Failure   Level
 Inner Flame              Hex/Fire       0%         N/A       100%        3
 Mephitic Cloud           Conj/Pois/Air  0%         N/A       100%        3
 Flame Wave               Conj/Fire      0%         2d4       100%        4
 Ignition                 Fire           0%         3d3       100%        8


Dungeon Overview and Level Annotations

Branches:
Dungeon (1/15)

Altars:


Innate Abilities, Weirdness & Mutations

You are amphibious.
You cover ground slowly.
You can hop short distances.
You have an extended range of vision and can be seen from far away.


Message History

The jackal bites you but does no damage.
The jackal bites you.
* * * LOW HITPOINT WARNING * * *
The jackal bites you but does no damage.
The jackal bites you.
* * * LOW HITPOINT WARNING * * *
As you read the scroll labelled USAMMO XYGGACK, it crumbles to dust.
You hear a loud clanging noise!
It was a scroll of noise.
You block the jackal's attack.
The jackal bites you but does no damage. x3
As you read the scroll labelled GINLEG PEUQ, it crumbles to dust.
The creatures around you are filled with an inner flame!
It was a scroll of immolation.
The jackal bites you but does no damage. x3
The jackal barely misses you. The jackal closely misses you.
Unknown command.
As you read the scroll labelled NUIWNEFYWOD, it crumbles to dust.
It is a scroll of identify. a scroll of torment The jackal bites you but does no damage.
The jackal barely misses you. x2
The jackal bites you but does no damage.
You hit the jackal but do no damage.
The jackal is lightly wounded.
The jackal barely misses you.
The jackal bites you but does no damage.
You block the jackal's attack.
The jackal bites you but does no damage.
You hit the jackal but do no damage.
The jackal is lightly wounded.
The jackal bites you but does no damage.
You block the jackal's attack.
The jackal bites you but does no damage.
The jackal closely misses you.
You hit the jackal.
Flame seeps out of the jackal.
You feel better.
The jackal is heavily wounded.
The jackal is engulfed in blazing flames.
The jackal explodes!
The fiery explosion engulfs you!
You die...

#..........................
#............#.#########...
#............# # #...
##...........# #...
##...#......# ####...
#####.###..# ##...... #.#
#..# ##....... #.###h.#
#........ #.##@hg#
#........ #.##○#.#
#........ #.#§§#...
#........ #.##.g..#
#........ .. #....#
##....... #.. #....#
#........ ### #...!#
#........ #....# #........
#....# #........


You could see 2 jackals and a hobgoblin (inner flame).

Vanquished Creatures
  2 ball pythons (D:1)
  2 endoplasms (D:1)
  A giant cockroach (D:1)
  3 goblins (D:1)
  2 hobgoblins (D:1)
  2 jackals (D:1)
  A quokka (D:1)
  3 bats (D:1)
  3 frilled lizards (D:1)
  2 kobolds (D:1)
  2 rats (D:1)
23 creatures vanquished.

Notes
Turn   | Place    | Note
-------+----------+-------------------------------------------
     0 | D:1      | Frost42 the Barachi Fighter began the quest for the Orb.
     0 | D:1      | Reached XP level 1. HP: 18/18 MP: 1/1
   202 | D:1      | Reached XP level 2. HP: 21/25 MP: 2/2
   453 | D:1      | Got the Dissertation on the Nauseating Sun
   554 | D:1      | Killed by an exploding jackal... ignited by their inner
                  | flame

Illustrated notes

Levels and vault maps discovered:
D:1:      dpeg_arrival_rooms_with_view, layout_rooms,
          ebering_ecumenical_altar_rust

Skill      XL: |  1  2 |
---------------+-------+-----
Fighting       | 4 |  4.1
Armour         | 4 |  4.0
Short Blades   | |  0.3
Long Blades    | |  2.5
Shields        | |  3.5

Action                     || total
---------------------------++-------
  Melee: Dagger            ||   130
         Long sword        ||    11
  Throw: Boomerang         ||     5
    Use: Scroll            ||     3
 Armour: Scale mail        ||    34
         Chain mail        ||   166
  Dodge: Dodged            ||    91
  Block: Buckler           ||    46

Table legend: (Time is in decaauts)
 A = Elapsed time spent in this place.
 B = Non-inter-level travel time spent in this place.
 C = Inter-level travel time spent in this place.
 D = Time resting spent in this place.
 E = Time spent auto-exploring this place.
 F = Levels seen in this place.
 G = Mean time per level.
                   A        B        C        D        E       F      G
               +--------+--------+--------+--------+--------+-----+--------+
         Total |    626 |    626 |      0 |      0 |      0 |   1 |  626.0 |
       Dungeon |    626 |    626 |      0 |      0 |      0 |   1 |  626.0 |
               +--------+--------+--------+--------+--------+-----+--------+

Top non-repeatable levels by time:
     D:1: 626 daAuts
